 Dungeon Crawl Stone Soup version 0.25.1-2-g60ff931 (webtiles) character file.

Game seed: 13995889980942213083

3209 RoWlf the Summoner (level 9, -4/45 HPs)
             Began as a Tengu Summoner on Aug 19, 2020.
             Was a High Priest of Okawaru.
             Shot with an arrow by a centaur warrior (22 damage)
             ... on level 10 of the Dungeon on Aug 20, 2020.
             The game lasted 01:17:58 (16689 turns).

RoWlf the Summoner (Tengu Summoner)                Turns: 16689, Time: 01:17:59

Health: -4/45      AC:  3    Str:  9    XL:     9   Next: 97%
Magic:  3/13       EV: 15    Int: 18    God:    Okawaru [*****.]
Gold:   607        SH:  0    Dex: 15    Spells: 5/12 levels left

rFire    . . .     SeeInvis .   i - +1 mace (drain)
rCold    . . .     Gourm    .   (no shield)
rNeg     . . .     Faith    .   a - +0 robe
rPois    .         Spirit   .   (helmet restricted)
rElec    .         Reflect  .   (no cloak)
rCorr    .         Harm     .   w - +0 pair of gloves
MR       .....                  (boots unavailable)
Stlth    ++........             (no amulet)
HPRegen  0.15/turn              (no ring)
MPRegen  0.13/turn              (no ring)

@: about to teleport, flying quickly and evasively, invisible, quick
A: beak, horns 1, talons 3, wild magic 1, evolution 2, able to fly
a: Stop Flying, Heroism, Finesse, Renounce Religion


You were on level 10 of the Dungeon.
You worshipped Okawaru.
Okawaru was extremely pleased with you.
You were very hungry.

You visited 2 branches of the dungeon, and saw 11 of its levels.

You collected 607 gold pieces.

Inventory:

Hand Weapons
 d - a +0 dagger
 i - a +1 mace of draining (weapon)
 m - a +0 mace
 C - a +2 flail of holy wrath
Armour
 a - a +0 robe (worn)
 w - a +0 pair of gloves (worn)
 G - a +0 troll leather armour
Jewellery
 b - a cursed -4 ring of strength
 l - an uncursed ring of resist corrosion
 r - a +6 ring of dexterity
 B - a cursed ring of wizardry {unknown}
 F - an uncursed ring of magical power
Wands
 n - a wand of paralysis (4)
 q - a wand of random effects (31)
 D - a wand of acid (2)
Scrolls
 e - 3 scrolls of immolation
 f - 4 scrolls of teleportation
 g - 2 scrolls of fog
 h - 3 scrolls of identify
 j - a scroll of amnesia
 p - a scroll of blinking {unknown}
 s - 2 scrolls of magic mapping {unknown}
 t - 2 scrolls of enchant weapon {unknown}
 v - 6 scrolls of remove curse
 x - a scroll of fear {unknown}
 y - a scroll of enchant armour {unknown}
 z - 2 scrolls of random uselessness {unknown}
Potions
 k - a potion of might
 o - 3 potions of curing
 A - a potion of haste
 E - 2 potions of magic {unknown}
Comestibles
 c - 4 rations
 H - 4 chunks of flesh


   Skills:
 * Level 8.9 Maces & Flails
 - Level 2.1 Dodging
 - Level 2.0 Stealth
 - Level 2.0 Spellcasting
 - Level 9.0 Summonings
 - Level 8.1 Ice Magic


You had 5 spell levels left.
You knew the following spells:

 Your Spells              Type           Power        Failure   Level  Hunger
a - Summon Small Mammal   Summ           ####         1%          1    #......
b - Call Imp              Summ           #####...     1%          2    ###....
c - Summon Ice Beast      Ice/Summ       #####...     9%          4    #####..

Your spell library contained the following spells:

 Spells                   Type           Power        Failure   Level  Hunger
 Call Canine Familiar     Summ           #####...     2%          3    ###....
 Ensorcelled Hibernation  Hex/Ice        ###...       9%          2    ###....
 Summon Guardian Golem    Hex/Summ       ###.....     13%         3    ###....
 Corona                   Hex            #......      26%         1    #......
 Magic Dart               Conj           #...         26%         1    #......
 Blink                    Tloc           N/A          34%         2    ###....
 Slow                     Hex            #.......     34%         2    ###....
 Summon Lightning Spire   Summ/Air       ###.....     36%         4    #####..
 Confusing Touch          Hex            #.......     56%         3    ###....
 Conjure Flame            Conj/Fire      #.......     56%         3    ###....
 Dazzling Flash           Conj/Hex       #.....       56%         3    ###....
 Mephitic Cloud           Conj/Pois/Air  #.......     56%         3    ###....
 Tukima's Dance           Hex            #.......     56%         3    ###....


Dungeon Overview and Level Annotations

Branches:
Dungeon (10/15)            Temple (1/1) D:4            Lair (0/6) D:8
    Orc (0/2) D:10

Altars:
Ashenzari
Cheibriados
Dithmenos
Elyvilon
Fedhas
Gozag
Hepliaklqana
Kikubaaqudgha
Makhleb
Nemelex Xobeh
Okawaru
Qazlal
Ru
Sif Muna
Trog
Uskayaw
Vehumet
Wu Jian
Xom
Yredelemnul
Zin
The Shining One

Annotations:
D:4 Blork the orc


Innate Abilities, Weirdness & Mutations

You have a beak for a mouth.
You have claws for feet.
You can fly continuously.
You have a pair of small horns on your head.
Your spells are a little harder to cast, but a little more powerful.
You rapidly evolve.


Message History

The phantom misses your crimson imp.
Your crimson imp hits the vampire but does no damage.
The vampire hits your crimson imp but does no damage.
The vampire bites your crimson imp!
Your crimson imp dies!
The phantom blinks!
The vampire mumbles some strange words.
The vampire flickers and vanishes!
Deactivating autopickup; reactivate with Ctrl-A.
A centaur warrior comes into view.
The centaur warrior wields a +0 shortbow.
The centaur warrior shoots an arrow.
The arrow barely misses you.
As you read the scroll of teleportation, it crumbles to dust.
You feel strangely unstable.
The centaur warrior shoots an arrow.
The arrow hits you!
Okay, then.
Okay, then.
You fade into invisibility!
The centaur warrior shoots an arrow.
The arrow hits you!!
You die...

.######...# ## ##.## ###.### .
#.....# .. #.#.#.# #.# ##.#.#.#
###.# . # ##[.#.#.# ##.#.##
....
####.......#######.....##.....
'.ยง.............@.c.....'.....
####.o.#.#########.....##.....
# ##.##.# #............ ####.#
#.........#. #####.#
#.........# #.....# ##.#...####
#+# #.##### #.#....# #<# #.#
#.#....### #.# #.#
#....#...###.###


You could see a centaur warrior.

Vanquished Creatures
  A human (D:8)
  A water moccasin (D:6)
  An orc warrior (D:10)
  A sky beast (D:10)
  A centaur (D:9)
  3 bullfrogs
  2 scorpions
  3 killer bees (D:10)
  2 howler monkeys
  A centaur zombie (D:7)
  A crimson imp (D:7)
  2 bullfrog zombies
  An orc priest (D:10)
  4 hounds
  2 bullfrog skeletons
  An iguana (D:10)
  2 orc wizards
  A worker ant (D:4)
  A hound skeleton (D:7)
  2 worker ant zombies
  A howler monkey skeleton (D:4)
  A howler monkey zombie (D:6)
  5 adders
  A shadow imp (D:8)
  An ooze (D:3)
  An adder skeleton (D:4)
  A worm (D:4)
  2 dart slugs
  3 leopard geckos
  10 orcs
  2 giant cockroaches (D:2)
  A goblin (D:2)
  5 hobgoblins
  2 jackals (D:6)
  A quokka (D:2)
  A ball python (D:4)
  9 bats
  5 frilled lizards
  A jackal zombie (D:7)
  7 kobolds
  7 rats
100 creatures vanquished.

Vanquished Creatures (collateral kills)
  A troll (D:10)
  2 hippogriffs
  2 wyverns
  2 nameless horrors
  2 black bears
  An eye of draining (D:8)
  An orc warrior (D:9)
  A necrophage (D:9)
  A sky beast (D:9)
  5 ogres
  3 centaurs
  2 big kobolds (D:7)
  A bullfrog (D:6)
  2 scorpions
  2 killer bees (D:10)
  2 howler monkeys (D:8)
  An electric eel (D:6)
  2 crimson imps (D:5)
  A quasit (D:8)
  4 orc priests
  2 hounds
  A jelly (D:10)
  A centaur skeleton (D:8)
  2 iguanas
  Ijyb (D:3)
  9 orc wizards
  4 worker ants
  A howler monkey zombie (D:5)
  A worker ant zombie (D:8)
  2 adders
  A shadow imp (D:6)
  An ooze (D:5)
  An adder zombie (D:10)
  5 worms
  A dart slug (D:2)
  A leopard gecko (D:4)
  33 orcs
  3 bats
  3 giant cockroaches
  A hobgoblin (D:1)
  6 jackals
  5 kobolds
  A ball python (D:1)
  A jackal skeleton (D:4)
  A jackal zombie (D:5)
  A leopard gecko skeleton (D:5)
  2 rats
129 creatures vanquished.

Vanquished Creatures (others)
  A human (D:9)
1 creature vanquished.

Grand Total: 230 creatures vanquished

Notes
Turn   | Place    | Note
-------+----------+-------------------------------------------
     0 | D:1      | RoWlf the Tengu Summoner began the quest for the Orb.
     0 | D:1      | Reached XP level 1. HP: 10/10 MP: 4/4
    87 | D:1      | Reached skill level 5 in Summonings
   844 | D:1      | Reached XP level 2. HP: 8/15 MP: 0/6
  1008 | D:1      | Learned a level 2 spell: Call Imp
  2080 | D:2      | Reached XP level 3. HP: 7/19 MP: 1/7
  2393 | D:2      | Reached skill level 6 in Summonings
  2876 | D:2      | Found an opulent altar of Gozag.
  2876 | D:2      | Found a sparkling altar of Nemelex Xobeh.
  3012 | D:2      | Found a radiant altar of Vehumet.
  3426 | D:2      | Found a bloodstained altar of Trog.
  3454 | D:2      | Reached XP level 4. HP: 24/24 MP: 8/8
  3842 | D:3      | Noticed Ijyb
  3859 | D:3      | Killed Ijyb
  3859 | D:3      | Reached skill level 7 in Summonings
  3925 | D:3      | Learned a level 4 spell: Summon Ice Beast
  4627 | D:4      | Found a snail-covered altar of Cheibriados.
  4629 | D:4      | Reached skill level 1 in Maces & Flails
  4629 | D:4      | Gained mutation: You can fly continuously. [Tengu growth]
  4629 | D:4      | Reached XP level 5. HP: 26/28 MP: 9/9
  4725 | D:4      | Reached skill level 1 in Ice Magic
  4754 | D:4      | Found a staircase to the Ecumenical Temple.
  4758 | D:4      | Noticed an ogre
  4922 | D:4      | Noticed an ogre
  5072 | D:4      | Noticed Blork the orc
  5878 | D:3      | Killed an ogre
  5878 | D:3      | Reached XP level 6. HP: 18/32 MP: 5/10
  6092 | Temple   | Entered the Ecumenical Temple
  6259 | Temple   | Became a worshipper of Warmaster Okawaru
  6754 | D:4      | Found a white marble altar of Elyvilon.
  6754 | D:4      | Found a shimmering blue altar of Sif Muna.
  7128 | D:5      | Entered Level 5 of the Dungeon
  7179 | D:5      | Reached XP level 7. HP: 17/36 MP: 1/11
  7196 | D:5      | Reached * piety under Okawaru
  7401 | D:5      | Reached skill level 5 in Ice Magic
  8229 | D:5      | Found a snail-covered altar of Cheibriados.
  8554 | D:6      | Reached skill level 8 in Summonings
  8586 | D:6      | Reached ** piety under Okawaru
  9150 | D:6      | Reached skill level 9 in Summonings
  9150 | D:6      | Reached XP level 8. HP: 28/41 MP: 7/12
  9433 | D:5      | Gained mutation: You are agile. (Dex +2) [potion of
                  | mutation]
  9433 | D:5      | Gained mutation: Your spells are a little harder to cast,
                  | but a little more powerful. [potion of mutation]
  9433 | D:5      | Gained mutation: You are somewhat resistant to further
                  | mutation. [potion of mutation]
 10681 | D:6      | Lost mutation: You are somewhat resistant to further
                  | mutation. [potion of mutation]
 10681 | D:6      | Lost mutation: You are agile. (Dex +2) [potion of mutation]
 10681 | D:6      | Lost mutation: Your spells are a little harder to cast, but
                  | a little more powerful. [potion of mutation]
 10681 | D:6      | Gained mutation: You have a pair of small horns on your
                  | head. [potion of mutation]
 10681 | D:6      | Gained mutation: You evolve. [potion of mutation]
 10681 | D:6      | Gained mutation: You rapidly evolve. [potion of mutation]
 10681 | D:6      | Gained mutation: Your spells are a little harder to cast,
                  | but a little more powerful. [potion of mutation]
 11291 | D:8      | Noticed a hippogriff
 11677 | D:8      | Reached *** piety under Okawaru
 12014 | D:7      | Reached skill level 5 in Maces & Flails
 12063 | D:8      | Noticed a nameless horror
 12294 | D:7      | Killed a nameless horror
 12830 | D:8      | Found a staircase to the Lair.
 12864 | D:8      | Noticed a wyvern
 12871 | D:8      | Killed a wyvern
 13190 | D:8      | Killed a hippogriff
 13190 | D:8      | Reached XP level 9. HP: 41/45 MP: 4/13
 13264 | D:8      | Reached **** piety under Okawaru
 14344 | D:9      | Found an ancient bone altar of Kikubaaqudgha.
 14599 | D:9      | Reached ***** piety under Okawaru
 15267 | D:9      | Gained mutation: You can translocate small distances at
                  | will. [evolution]
 15693 | D:10     | Entered Level 10 of the Dungeon
 16302 | D:10     | Lost mutation: You can translocate small distances at will.
                  | [evolution]
 16328 | D:10     | Noticed a troll
 16340 | D:10     | Killed a troll
 16600 | D:10     | Found a staircase to the Orcish Mines.
 16686 | D:10     | Noticed a centaur warrior
 16689 | D:10     | Shot with an arrow by a centaur warrior

Illustrated notes

Levels and vault maps discovered:
D:1:      mainiacjoe_arrival_reflecting_pool, layout_basic
D:2:      layout_basic, grunt_temple_overflow_opulence,
          overflow_temple_1_default, trog_butcher_becter
D:3:      layout_basic, uniq_ijyb
D:4:      minmay_wonky_spiral, layout_basic,
          chequers_temple_overflow_statue_of_worship, temple_fountains,
          first_ration, cheibrodos_sewer_entry_bend, kennysheep_slug_shrine,
          uniq_blork_the_orc
D:5:      layout_cave_pools, chei_slow_surprise
D:6:      layout_gridville, fountainhead, kennysheep_generic_room_11
D:7:      layout_basic
D:8:      layout_rooms, lair_entry_dummy, grunt_pizzeria, st_stairs_13
D:9:      layout_basic, tgw_kikubaaqudgha
D:10:     dragon1_lemuel, layout_loops_corners, hiddenorc2_lemuel, minivault_13
Temple:   minmay_crystal_spiral_temple

Skill      XL: |  1  2  3  4  5  6  7  8  9 |
---------------+----------------------------+-----
Summonings     | 5 6 7 9 |  9.0
Maces & Flails | 1 5 8 |  8.9
Ice Magic      | 2 4 5 6 8 |  8.1
Dodging        | |  2.1
Stealth        | |  2.0
Spellcasting   | |  2.0

Action                   |  1- 3 |  4- 6 |  7- 9 || total
-------------------------+-------+-------+-------++-------
Melee: Dagger            |    81 |       |       ||    81
       Unarmed           |     4 |       |       ||     4
       Peck              |    14 |     9 |    28 ||    51
       Kick              |    19 |    10 |    46 ||    75
       Mace              |    12 |    78 |   199 ||   289
       Headbutt          |       |       |    23 ||    23
 Cast: Summon Small Mamm |    14 |    10 |    67 ||    91
       Call Imp          |     9 |    41 |   136 ||   186
       Summon Ice Beast  |       |     1 |    32 ||    33
Invok: Heroism           |       |       |     1 ||     1
 Abil: Fly               |       |     1 |       ||     1
  Use: Potion            |       |     2 |     7 ||     9
       Scroll            |       |       |    13 ||    13
 Stab: Sleeping          |     3 |     3 |     1 ||     7
       Distracted        |       |     1 |     2 ||     3
  Eat: Chunk             |     8 |    12 |    21 ||    41
       Ration            |       |     1 |     7 ||     8
Armor: Robe              |    29 |     9 |    50 ||    88
       Skin              |       |     5 |       ||     5
Dodge: Dodged            |    82 |    77 |   272 ||   431
